 Dungeon Crawl Stone Soup version 0.25.1-2-g60ff931df9 (webtiles) character file.

Game seed: 16337045247241654715

9263 Johnny the Frost Mage (level 11, -14/74 HPs)
             Began as a Demigod Ice Elementalist on Aug 23, 2020.
             Killed from afar by a fire dragon (26 damage)
             ... with a blast of flame
             ... on level 11 of the Dungeon.
             The game lasted 00:19:24 (15366 turns).

Johnny the Frost Mage (Demigod Ice Elementalist)   Turns: 15366, Time: 00:19:25

Health: -14/74     AC:  5    Str: 11    XL:     11   Next: 1%
Magic:  20/28      EV: 12    Int: 25    God:
Gold:   381        SH:  0    Dex: 16    Spells: 12/27 levels left

rFire    . . .     SeeInvis .   h - +2 dagger (elec)
rCold    . . .     Gourm    .   (no shield)
rNeg     . . .     Faith    .   L - +0 troll leather armour
rPois    .         Spirit   .   y - +1 hat
rElec    .         Reflect  .   (no cloak)
rCorr    .         Harm     .   (no gloves)
MR       +....                  (no boots)
Stlth    ++........             (no amulet)
HPRegen  0.62/turn              s - ring of flight
MPRegen  0.21/turn              x - ring of wizardry

@: no status effects
A: high mp 1
a: Evoke Flight


You were on level 11 of the Dungeon.
You were hungry.

You visited 1 branch of the dungeon, and saw 11 of its levels.
You also visited: Sewer.

You collected 551 gold pieces.
You spent 170 gold pieces at shops.

Inventory:

Hand Weapons
 h - a +2 dagger of electrocution (weapon)
 D - a cursed +0 trident
Armour
 y - a +1 hat (worn)
 E - a +2 robe of magic resistance
 L - a +0 troll leather armour (worn)
Jewellery
 s - a ring of flight (left hand)
 x - a ring of wizardry (right hand)
 J - a +6 ring of intelligence
Wands
 a - a wand of random effects (9)
 l - a wand of iceblast (2)
 A - a wand of acid (9)
 F - a wand of clouds (7)
 K - a wand of flame (4)
Scrolls
 b - a scroll of random uselessness
 e - a scroll of immolation
 f - 2 scrolls of noise
 g - a scroll of magic mapping
 i - 11 scrolls of teleportation
 k - a scroll of remove curse
 o - a scroll of enchant weapon
 p - 3 scrolls of enchant armour
 r - a scroll of fear
 t - 3 scrolls of blinking
 G - 2 scrolls of fog {unknown}
Potions
 d - 2 potions of curing
 j - 3 potions of flight
 m - a potion of mutation {unknown}
 n - 3 potions of lignification
 q - 3 potions of haste {unknown}
 u - 2 potions of heal wounds {unknown}
 v - 3 potions of stabbing {unknown}
 w - 3 potions of brilliance {unknown}
 z - a potion of ambrosia
 B - a potion of resistance {unknown}
 C - 2 potions of degeneration {unknown}
Miscellaneous
 H - a box of beasts
Comestibles
 c - 14 rations
 M - 6 chunks of flesh


   Skills:
 - Level 1.7 Dodging
 - Level 1.7 Stealth
 + Level 8.8 Spellcasting
 * Level 13.2 Ice Magic


You had 12 spell levels left.
You knew the following spells:

 Your Spells              Type           Power        Failure   Level  Hunger
a - Freeze                Ice            ####         1%          1    None
b - Frozen Ramparts       Ice            ######       1%          3    None
c - Hailstorm             Conj/Ice       #####...     1%          4    ##.....
d - Ozocubu's Armour      Chrm/Ice       #####...     1%          3    None
e - Summon Ice Beast      Ice/Summ       #####...     1%          4    ##.....

Your spell library contained the following spells:

 Spells                   Type           Power        Failure   Level  Hunger
 Metabolic Englaciation   Hex/Ice        #####.....   5%          5    ####...
 Confusing Touch          Hex            ##......     9%          3    None
 Gell's Gravitas          Tloc           ##........   9%          3    None
 Petrify                  Tmut/Erth      ##......     28%         4    ##.....
 Yara's Violent Unravell  Hex/Tmut       ##........   58%         5    ####...


Dungeon Overview and Level Annotations

Branches:
Dungeon (11/15)            Temple (0/1) D:7            Lair (0/6) D:8
    Orc (0/2) D:10          Sewer (visited)

Shops:
D:5 *


Innate Abilities, Weirdness & Mutations

You have an increased reservoir of magic. (+10% MP)


Message History

You are no longer corroded.
Found a dagger.
A fire dragon comes into view.
The fire dragon roars deafeningly!
Some of the chunks of flesh in your inventory have rotted away.
Found 33 gold pieces, 22 arrows and 28 stones.
Found 58 gold pieces.
Found 24 gold pieces.
The fire dragon breathes flames at you. The blast of flame hits you!!!
Ouch! That really hurt!
* * * LOW HITPOINT WARNING * * *
As you read the scroll of fear, it crumbles to dust.
You assume a fearsome visage.
The fire dragon resists with some effort.
Your ice beast closely misses the fire dragon.
A worker ant comes into view.
The fire dragon breathes flames at you. The blast of flame hits you!!
You die...

,,,,,,,,,** *,,,,,,** ,,,,,,,***
*,,,,,,,, ,,,,,*** **##*,,,,,,**
,,**** *..,,,,,,,,** *,,*
##.#**,,,,,,** **,** #*****
#..,,,,,,,,,*, *,,** **#..,,*
#.#**##,******
**,,***,.....######.#*.),,,,,**,
**,,,,,.......@....#,.*****,,*,
*,,,,,,...a.#......#.#*,($**,*,
**,,,,,,...,,#####..#.#.$.(,*,*,
*,,,,,,,.,,,** ##.D.....$,*,,,
**,*,,,,,,,,^* #Y#.#$.$$,*,#,
*,,**,,,,,,,,* #.#.#*,$$**.#,
*,***,,,,,,*** #Y#..#####..*,
,,* **,***** #.#*,(....,**, ,**
*** *** #Y#####.#####*


You could see a fire dragon (catching breath) and a worker ant (wandering).

Vanquished Creatures
  Josephine (D:10)
  Maggie (D:8)
  A troll (D:8)
  2 hornets (D:8)
  Prince Ribbit (D:7)
  Grinder (D:3)
  3 hippogriffs
  A yak (D:8)
  Sigmund (D:3)
  Eustachio (D:6)
  3 hungry ghosts
  An acid dragon (D:11)
  A soldier ant (D:8)
  2 porcupines (D:8)
  2 orc warriors (D:6)
  Purgy (Sewer)
  4 black bears
  A sky beast (D:7)
  An ice beast (D:7)
  2 phantoms
  2 centaurs
  2 ogres
  2 crocodiles
  2 big kobolds
  9 bullfrogs
  A wyvern skeleton (D:8)
  2 scorpions
  A howler monkey (D:6)
  2 bullfrog zombies
  7 crimson imps
  5 hounds
  3 jellies
  A centaur skeleton (D:10)
  3 orc priests
  A bullfrog skeleton (D:5)
  Ijyb (D:3)
  Jessica (D:3)
  2 iguanas
  5 orc wizards
  11 worker ants
  2 hound zombies
  A hound skeleton (D:8)
  6 gnolls
  12 adders
  A shadow imp (D:4)
  An ooze (D:1)
  An adder zombie (D:6)
  3 adder skeletons
  3 worms
  3 dart slugs (D:2)
  7 leopard geckos
  28 orcs
  4 ball pythons
  4 bats
  8 giant cockroaches
  7 goblins
  5 hobgoblins
  12 jackals
  20 kobolds
  7 quokkas
  9 frilled lizards
  A quokka skeleton (D:6)
  8 rats
247 creatures vanquished.

Vanquished Creatures (collateral kills)
  Erica (D:8)
  A cyclops (D:10)
  A troll (D:10)
  A hippogriff (D:8)
  A shadow (D:10)
  4 wraiths
  A yak (D:8)
  A porcupine (D:8)
  2 black bears (D:8)
  A necrophage (D:10)
  An ogre (D:10)
  A hound (D:8)
  A jelly (D:11)
  An iguana (D:8)
  A howler monkey zombie (D:8)
  An adder (D:10)
  A jackal (D:8)
  A leopard gecko zombie (D:8)
  A plant (D:8)
23 creatures vanquished.

Vanquished Creatures (others)
  An orc (D:8)
  43 fungi (D:8)
  25 plants (D:8)
69 creatures vanquished.

Grand Total: 339 creatures vanquished

Notes
Turn   | Place    | Note
-------+----------+-------------------------------------------
     0 | D:1      | Johnny the Demigod Ice Elementalist began the quest for the
                  | Orb.
     0 | D:1      | Reached XP level 1. HP: 14/14 MP: 5/5
   302 | D:1      | Reached XP level 2. HP: 20/20 MP: 5/7
   333 | D:1      | Reached skill level 4 in Ice Magic
  1684 | D:2      | Reached XP level 3. HP: 22/26 MP: 3/9
  2037 | D:2      | Found a snail-covered altar of Cheibriados.
  2306 | D:2      | Reached XP level 4. HP: 33/33 MP: 10/10
  2603 | D:2      | Found a glowing silver altar of Zin.
  2604 | D:2      | Found a stormy altar of Qazlal.
  2748 | D:3      | Found a glowing drain.
  2754 | D:3      | Reached skill level 5 in Ice Magic
  2812 | Sewer    | Entered a sewer
  3065 | Sewer    | Learned a level 3 spell: Frozen Ramparts
  3107 | Sewer    | Noticed Purgy
  3123 | Sewer    | Killed Purgy
  3123 | Sewer    | Reached XP level 5. HP: 31/38 MP: 5/12
  3398 | D:3      | Noticed Sigmund
  3402 | D:3      | Killed Sigmund
  3402 | D:3      | Reached skill level 6 in Ice Magic
  3402 | D:3      | Reached XP level 6. HP: 37/45 MP: 11/14
  3670 | D:3      | Noticed Jessica
  3678 | D:3      | Killed Jessica
  3740 | D:3      | Noticed Grinder
  3761 | D:3      | Paralysed by Grinder for 2 turns
  3773 | D:3      | Paralysed by Grinder for 7 turns
  3783 | D:3      | Killed Grinder
  3783 | D:3      | Reached skill level 7 in Ice Magic
  3783 | D:3      | Reached XP level 7. HP: 26/50 MP: 13/16
  4079 | D:3      | Found an ancient bone altar of Kikubaaqudgha.
  4178 | D:3      | Noticed Ijyb
  4182 | D:3      | Paralysed by Ijyb for 6 turns
  4189 | D:3      | Killed Ijyb
  4974 | D:5      | Entered Level 5 of the Dungeon
  5129 | D:5      | Found Ehua's General Store.
  5134 | D:5      | Bought a scroll of enchant armour for 82 gold pieces
  5134 | D:5      | Bought a potion of ambrosia for 88 gold pieces
  5468 | D:5      | Found an iron altar of Okawaru.
  5468 | D:5      | Found a glowing golden altar of the Shining One.
  5468 | D:5      | Found a shattered altar of Ashenzari.
  5564 | D:5      | Reached skill level 8 in Ice Magic
  6294 | D:5      | Found an opulent altar of Gozag.
  6479 | D:6      | Noticed Eustachio
  6486 | D:6      | Reached skill level 5 in Spellcasting
  6486 | D:6      | Killed Eustachio
  6486 | D:6      | Reached XP level 8. HP: 31/57 MP: 11/19
  6647 | D:6      | HP: 4/85 [orc warrior/+0 scimitar (5)]
  6652 | D:6      | Reached skill level 9 in Ice Magic
  7079 | D:6      | Found a basalt altar of Yredelemnul.
  7080 | D:6      | Found a shadowy altar of Dithmenos.
  7555 | D:6      | Found a white marble altar of Elyvilon.
  8004 | D:7      | Found a staircase to the Ecumenical Temple.
  8483 | D:7      | Reached skill level 10 in Ice Magic
  8483 | D:7      | Reached XP level 9. HP: 43/62 MP: 16/22
  9163 | D:7      | Noticed Prince Ribbit
  9173 | D:7      | Killed Prince Ribbit
  9382 | D:7      | Found a radiant altar of Vehumet.
  9383 | D:7      | Found a shimmering altar of Xom.
  9744 | D:8      | Noticed Erica
  9877 | D:8      | Reached skill level 11 in Ice Magic
 10173 | D:8      | Noticed Maggie
 10186 | D:8      | Killed Maggie
 10292 | D:8      | Learned a level 4 spell: Hailstorm
 10296 | D:8      | Learned a level 3 spell: Ozocubu's Armour
 10301 | D:8      | Learned a level 4 spell: Summon Ice Beast
 10517 | D:8      | Found a staircase to the Lair.
 10712 | D:8      | Paralysed by a hornet for 2 turns
 10714 | D:8      | Reached XP level 10. HP: 41/69 MP: 20/25
 11252 | D:8      | Reached skill level 12 in Ice Magic
 11288 | D:8      | Killed Erica
 12302 | D:9      | Found an iron altar of Okawaru.
 13588 | D:10     | Entered Level 10 of the Dungeon
 13884 | D:10     | Noticed Josephine
 13894 | D:10     | Killed Josephine
 14118 | D:10     | Reached skill level 13 in Ice Magic
 14165 | D:10     | Noticed a cyclops
 14207 | D:10     | Killed a cyclops
 14367 | D:10     | Found a staircase to the Orcish Mines.
 15352 | D:11     | Reached XP level 11. HP: 55/74 MP: 18/28
 15360 | D:11     | Noticed a fire dragon
 15366 | D:11     | Killed from afar by a fire dragon

Illustrated notes

Levels and vault maps discovered:
D:1:      dpeg_arrival_tiny_k, layout_loops_cross
D:2:      layout_basic, minitemple, first_ration, kennysheep_slug_shrine
D:3:      layout_basic, marbit_many_paths, gup_sewer_entry_glass, uniq_grinder,
          uniq_jessica, uniq_ijyb, uniq_sigmund
D:4:      layout_rooms
D:5:      layout_basic, chequers_temple_overflow_statue_of_worship,
          old_standard_altar, serial_shops, shop, st_stairs_1
D:6:      layout_rooms, gammafunk_temple_overflow_pools, elyvilon_altar_3,
          uniq_eustachio
D:7:      layout_cave_pods, gammafunk_temple_overflow_statue,
          minmay_temple_entry_mist, uniq_prince_ribbit1
D:8:      layout_basic, due_lair_maze_entry_diamond, hangedman_pestilent_swarm,
          uniq_maggie, uniq_erica
D:9:      layout_roguey, serial_co_window_serial, co_window_paths_a,
          co_window_paths_b, co_window_paths_b, co_window_of_opportunity_a,
          co_window_of_opportunity_a, co_window_paths_a, co_window_corner_a,
          co_window_broadway_c, co_window_of_opportunity_b,
          co_window_unsneaky_path_b, co_window_paths_c, co_window_cross_3,
          co_window_broadway_b, co_window_corner_b, glass_columns_a,
          glass_columns_b, glass_columns_a, glass_columns_a,
          kennysheep_okawaru_gauntlet
D:10:     layout_long_grid, orc_0_dummy, uniq_josephine
D:11:     minmay_the_grid_plus [minmay_the_grid_dragon_b, minmay_the_grid_slots,
          minmay_the_grid_tree, minmay_the_grid_all_tris,
          minmay_the_grid_prize_shrinking_boxes], layout_cave_pods,
          gauntlet_entry_generic

Skill      XL: |  1  2  3  4  5  6  7  8  9 10 |
---------------+-------------------------------+-----
Spellcasting   | 2 3 4 5 6 7 8 |  8.8
Ice Magic      | 4 5 6 7 8 10 11 13 | 13.2
Dodging        | |  1.7
Stealth        | |  1.7

Action                   |  1- 3 |  4- 6 |  7- 9 | 10-12 || total
-------------------------+-------+-------+-------+-------++-------
Melee: Unarmed           |    41 |       |       |       ||    41
       Dagger            |    19 |    76 |   273 |   115 ||   483
 Cast: Freeze            |    45 |    36 |    43 |    30 ||   154
       Frozen Ramparts   |       |     2 |    27 |    23 ||    52
       Summon Ice Beast  |       |       |     3 |    40 ||    43
       Hailstorm         |       |       |       |     4 ||     4
Evoke: Wand              |       |       |     2 |     6 ||     8
       Box of beasts     |       |       |       |     1 ||     1
  Use: Scroll            |       |     1 |     6 |     5 ||    12
       Potion            |       |     3 |     5 |     1 ||     9
 Stab: Sleeping          |     6 |     3 |     7 |     2 ||    18
       Distracted        |       |       |     1 |       ||     1
  Eat: Chunk             |     5 |     4 |    20 |    16 ||    45
       Ration            |       |       |     5 |       ||     5
Armor: Robe              |    21 |    14 |    38 |    22 ||    95
       Skin              |       |    13 |     5 |       ||    18
       Steam dragon scal |       |       |    10 |    12 ||    22
       Troll leather arm |       |       |       |     4 ||     4
Dodge: Dodged            |    53 |    56 |   163 |   118 ||   390
